 Dungeon Crawl Stone Soup version 0.30-a0-359-gd0147acb1a (webtiles) character file.

Game seed: 13818642765221928205

940 PimpSugar the Magician (level 7, -1/57 HPs)
             Began as a Red Draconian Hedge Wizard on Nov 12, 2022.
             Slain by a water moccasin (8 damage)
             ... on level 6 of the Dungeon.
             The game lasted 00:20:14 (5035 turns).

PimpSugar the Magician (Red Draconian Hedge Wizard) Turns: 5035, Time: 00:20:14

Health: -1/57      AC:  8    Str: 12    XL:     7   Next: 88%
Magic:  15/15      EV: 16    Int: 17    God:
Gold:   216        SH:  0    Dex: 16    Spells: 8/16 levels left

rFire   + . .      SeeInvis .    H - +3 sling (freeze)
rCold   . . .      Faith    .    (no shield)
rNeg    . . .      Spirit   .    (body armour unavailable)
rPois   .          Reflect  .    b - +0 hat
rElec   .          Harm     .    (no cloak)
rCorr   .          Rampage  .    u - +0 pair of gloves
Will    .....                    l - +0 pair of boots
Stlth   ++........               I - amulet of magic regeneration
HPRegen 0.29/turn                g - +4 ring of evasion
MPRegen 0.54/turn                j - +6 ring of dexterity

@: short of breath
A: breathe fire, AC +6, unfitting armour, fire resistance 1, cold-blooded
a: Breathe Fire


You were on level 6 of the Dungeon.
You visited 1 branch of the dungeon, and saw 6 of its levels.

You collected 216 gold pieces.

Inventory:

Hand Weapons
 a - a +0 dagger
 m - a +1 dagger of speed
 v - a +0 sling
 B - a +1 dagger of flaming
 E - a +1 mace of protection
 F - a +1 short sword of protection
 G - a +1 vampiric dagger
 H - a +3 sling of freezing (weapon)
Missiles
 e - 47 stones
 h - 18 poisoned darts
Armour
 b - a +0 hat (worn)
 l - a +0 pair of boots (worn)
 u - a +0 pair of gloves (worn)
 A - +0 fire dragon scales
Jewellery
 g - a +4 ring of evasion (left hand)
 j - a +6 ring of dexterity (right hand)
 I - an amulet of magic regeneration (around neck)
Scrolls
 d - a scroll of silence {unknown}
 f - a scroll of blinking {unknown}
 i - 2 scrolls of enchant armour {unknown}
 k - 2 scrolls of teleportation
 o - 3 scrolls of butterflies
 p - a scroll of enchant weapon {unknown}
 r - a scroll of fear {unknown}
 s - a scroll of noise {unknown}
 w - a scroll of immolation {unknown}
 y - a scroll of summoning
 z - a scroll of torment {unknown}
 C - a scroll of poison {unknown}
Potions
 c - a potion of magic
 n - 3 potions of curing
 q - a potion of brilliance {unknown}
 t - 2 potions of might {unknown}
 x - a potion of lignification {unknown}
 D - a potion of heal wounds {unknown}
 J - 2 potions of haste
 K - 2 potions of attraction {unknown}


   Skills:
 + Level 3.4 Fighting
 - Level 1.7 Dodging
 - Level 1.7 Stealth
 * Level 5.4 Spellcasting
 * Level 4.6 Conjurations
 + Level 3.3 Summonings
 + Level 3.3 Translocations
 + Level 0.5 Air Magic


You had 8 spell levels left.
You knew the following spells:

 Your Spells              Type           Power      Damage    Failure   Level
a - Magic Dart            Conj           80%        1d7       1%          1
b - Call Imp              Summ           15%        N/A       5%          2
c - Summon Small Mammal   Summ           60%        N/A       3%          1
d - Shock                 Conj/Air       52%        1d6       4%          1
e - Swiftness             Air            6%         N/A       32%         3

Your spell library contained the following spells:

 Spells                   Type           Power      Damage    Failure   Level
 Apportation              Tloc           32%        N/A       3%          1
 Blink                    Tloc           32%        N/A       5%          2
 Necrotise                Necr           16%        1d4       14%         1
 Slow                     Hex            16%        N/A       14%         1
 Cigotuvi's Dreadful Rot  Necr/Pois/Air  10%        N/A       19%         2
 Mephitic Cloud           Conj/Pois/Air  10%        N/A       21%         3
 Confusing Touch          Hex            4%         N/A       38%         3
 Vampiric Draining        Necr           4%         2d6       38%         3
 Airstrike                Air            3%         2d(1-17)  73%         4


Dungeon Overview and Level Annotations

Branches:
Dungeon (6/15)
 Temple: D:4-7

Altars:
Qazlal
The Shining One

Shops:
D:2 [


Innate Abilities, Weirdness & Mutations

You can breathe blasts of fire.
Your fiery red scales are hard. (AC +6)
You cannot fit into any form of body armour.
Your flesh is heat resistant. (rF+)
You are cold-blooded and may be slowed by cold attacks.


Message History

Your bat hits the bullfrog. The orc closely misses you.
Fire: H) +3 sling (freeze)
Press: ? - help, Q - select action, (/) - cycle Shift-Dir - straight line, f - bullfrog
Aim: a bullfrog (heavily wounded, 55% to hit)
You shoot a sling bullet. The sling bullet hits the bullfrog.
The sling bullet freezes the bullfrog.
The bullfrog is severely wounded.
Your bat barely misses the bullfrog.
Your bat completely misses the bullfrog.
The bullfrog closely misses you. The water moccasin misses you.
Your crimson imp misses the water moccasin.
The bullfrog closely misses you. The water moccasin closely misses you.
The orc misses you.
Fire: H) +3 sling (freeze)
Press: ? - help, Q - select action, (/) - cycle Shift-Dir - straight line, f/p - bullfrog
Aim: a bullfrog (severely wounded, 55% to hit)
You shoot a sling bullet.
The sling bullet barely misses the bullfrog.
Your bat hits the bullfrog. The bullfrog hits your bat.
Your bat dies!
Your bat's corpse disappears in a puff of smoke!
The water moccasin misses you.
Your crimson imp blinks!
The orc completely misses you. The bullfrog closely misses you.
The water moccasin closely misses you.
Fire: H) +3 sling (freeze)
Press: ? - help, Q - select action, (/) - cycle Shift-Dir - straight line, f - orc, p - bullfrog
Aim: an orc, wielding a +0 falchion and wearing a +0 leather armour (62% to hit)
You shoot a sling bullet. The sling bullet hits the orc!
The sling bullet freezes the orc.
You kill the orc!
Your bat closely misses the water moccasin.
Your bat hits the bullfrog. The bullfrog hits you.
* * * LOW HITPOINT WARNING * * *
The water moccasin bites you but does no damage.
The bullfrog hits you!
* * * LOW HITPOINT WARNING * * *
Your crimson imp blinks!
The water moccasin bites you!
You die...

..#.#.##............##
.#######.#######.....#
.# #.# #.....# # ##
#.########....#.# .
#.#............... .
#.#............#.#
##.#######.........
#.).b..#.# #@§.§.....
......)SF.§..#.#
.......)........
....#####...... ..(
.5.... .. ...... .
..)... .....


You could see a water moccasin (ally target), a bullfrog, a friendly crimson imp
(summoned) and a friendly bat (summoned).

Vanquished Creatures
  A centaur (D:5)
  A phantom (D:4)
  3 scorpions (D:5)
  2 iguanas
  An orc priest (D:4)
  An orc wizard (D:4)
  6 adders
  A shadow imp (D:3)
  A white imp (D:3)
  3 ufetubi
  A worm (D:3)
  4 dart slugs
  8 orcs
  5 endoplasms
  4 giant cockroaches
  8 goblins
  10 hobgoblins
  3 jackals (D:3)
  3 quokkas (D:1)
  2 ball pythons
  4 bats (D:2)
  11 frilled lizards (D:1)
  A goblin zombie (D:3)
  4 hobgoblin zombies (D:3)
  10 kobolds
  A kobold skeleton (D:3)
  A kobold zombie (D:3)
  3 orc skeletons (D:3)
  An orc zombie (D:3)
  6 rats
110 creatures vanquished.

Vanquished Creatures (collateral kills)
  Menkaure (D:4)
  A scorpion (D:5)
  2 hounds (D:4)
  An iguana (D:4)
  Robin (D:4)
  An adder (D:4)
  2 worms
  A dart slug (D:2)
  3 orcs
  A giant cockroach (D:4)
  3 goblins
  3 hobgoblins
  3 jackals
  A quokka (D:4)
  A ball python (D:2)
  A bat (D:2)
  A rat (D:2)
27 creatures vanquished.

Vanquished Creatures (others)
  A fungus (D:1)
  5 plants (D:1)
6 creatures vanquished.

Grand Total: 143 creatures vanquished

Notes
Turn   | Place    | Note
-------+----------+-------------------------------------------
     0 | D:1      | PimpSugar the Draconian Hedge Wizard began the quest for
                  | the Orb.
     0 | D:1      | Reached XP level 1. HP: 14/14 MP: 4/4
   110 | D:1      | Found a faded altar of an unknown god.
   272 | D:1      | Reached XP level 2. HP: 20/20 MP: 3/6
   418 | D:1      | Learned a level 2 spell: Call Imp
   867 | D:2      | Reached XP level 3. HP: 12/27 MP: 5/7
   986 | D:2      | Learned a level 1 spell: Summon Small Mammal
  1030 | D:2      | Reached skill level 1 in Fighting
  1136 | D:2      | Found Bybri's Antique Armour Boutique.
  1307 | D:2      | You fall into a shaft and drop 1 floor!
  1319 | D:3      | Reached XP level 4. HP: 34/35 MP: 3/9
  1914 | D:3      | Found a glowing golden altar of the Shining One.
  2134 | D:3      | Reached XP level 5. HP: 40/40 MP: 7/10
  2825 | D:4      | Reached skill level 4 in Spellcasting
  3132 | D:4      | Noticed Menkaure
  3176 | D:4      | Killed Menkaure
  3177 | D:4      | Reached XP level 6. HP: 16/49 MP: 5/12
  3335 | D:4      | Noticed Robin
  3373 | D:4      | Killed Robin
  3697 | D:4      | Your scales start taking on a fiery red colour.
  3697 | D:4      | Reached XP level 7. HP: 49/56 MP: 1/14
  3697 | D:4      | Gained mutation: Your flesh is heat resistant. (rF+) [Red
                  | Draconian growth]
  4099 | D:5      | Entered Level 5 of the Dungeon
  4136 | D:5      | Reached skill level 5 in Spellcasting
  4402 | D:5      | Learned a level 1 spell: Shock
  4406 | D:5      | Learned a level 3 spell: Swiftness
  4427 | D:5      | Found a stormy altar of Qazlal.
  5035 | D:6      | Slain by a water moccasin

Illustrated notes

Levels and vault maps discovered:
D:1:      matt_arrival_grand_opening, layout_basic,
          dreamdust_ecumenical_altar_grove, chequers_serial_rivers_micro_b,
          minmay_misc_feat_plants, ebering_dispersal_statue_hall,
          minmay_lizard_king
D:2:      layout_basic, serial_shops, nicolae_shop_crystal, st_stairs_5,
          dreamdust_princess_corridor
D:3:      layout_basic, nicolae_tso_besieged_by_evil
D:4:      layout_loops_ring, uniq_menkaure, uniq_robin
D:5:      nicolae_BIG_FREAKIN_CUBE, layout_loops_ring,
          mainiacjoe_overflow_tiny_flanked
D:6:      layout_basic, serial_co_window_serial, co_window_paths_b,
          co_window_cross_1, co_window_corner_a, co_window_corner_a,
          co_window_of_opportunity_a, co_window_of_opportunity_c,
          co_window_broadway_b, co_window_unsneaky_path_a, glass_columns_b,
          glass_columns_a, glass_columns_c, glass_columns_b

Skill      XL: |  1  2  3  4  5  6  7 |
---------------+----------------------+-----
Fighting       | 1 2 3 |  3.4
Conjurations   | 2 3 4 |  4.6
Translocations | 2 3 |  3.3
Spellcasting   | 4 5 |  5.4
Summonings     | 2 3 |  3.3
Dodging        | |  1.7
Stealth        | |  1.7
Air Magic      | |  0.5

Action                   |  1- 3 |  4- 6 |  7- 9 || total
-------------------------+-------+-------+-------++-------
Melee: Dagger            |    87 |    86 |    18 ||   191
       Tailslap          |     9 |    11 |     3 ||    23
 Fire: Sling             |     7 |    41 |    36 ||    84
 Cast: Magic Dart        |    51 |    70 |    22 ||   143
       Call Imp          |     4 |    19 |     3 ||    26
       Summon Small Mamm |     3 |    29 |     8 ||    40
       Shock             |       |       |     1 ||     1
       Swiftness         |       |       |     1 ||     1
 Abil: Breathe Fire      |       |       |     4 ||     4
  Use: Scroll            |       |     4 |       ||     4
       Potion            |       |     3 |     1 ||     4
Armor: Skin              |    35 |    37 |    22 ||    94
Dodge: Dodged            |   129 |   119 |    80 ||   328

Table legend: (Time is in decaauts)
 A = Elapsed time spent in this place.
 B = Non-inter-level travel time spent in this place.
 C = Inter-level travel time spent in this place.
 D = Time resting spent in this place.
 E = Time spent auto-exploring this place.
 F = Levels seen in this place.
 G = Mean time per level.
                   A        B        C        D        E       F      G
               +--------+--------+--------+--------+--------+-----+--------+
         Total |   5061 |   4833 |    228 |    143 |   3363 |   6 |  843.5 |
       Dungeon |   5061 |   4833 |    228 |    143 |   3363 |   6 |  843.5 |
               +--------+--------+--------+--------+--------+-----+--------+

Top non-repeatable levels by time:
     D:4: 1396 daAuts
     D:2: 942 daAuts
     D:3: 917 daAuts
     D:1: 852 daAuts
     D:5: 816 daAuts
     D:6: 136 daAuts
